Bruins vs Stars
(R1)
Created - April 30, 2024 at 19:52
Goals
|
| Bruins |
2 |
1 |
1 |
4 |
| Stars |
0 |
1 |
2 |
3 |
|
Shots
|
| Bruins |
15 |
10 |
11 |
36 |
| Stars |
12 |
6 |
10 |
28 |
|
1st period
1. Bruins , Zack Kassian 40 (Jonathan Toews 53) at 1:28
2. Bruins , Alexander Wennberg 12 (Eric Wellwood 11, Brendan Smith 11) at 14:49
Penalties :
Andrej Sustr (Dal) for Tripping (Minor) at 7:11, Andrej Sustr (Dal) for Hooking (Minor) at 10:48
2nd period
3. Stars , Alex Chiasson 19 (Evgeny Grachev 35, Boris Valabik 22) at 11:03
4. Bruins , Zack Kassian 41 (Torey Krug 30, Jason Demers 31) at 11:11
Penalties :
Jonathan Toews (Bos) for Cross-checking (Minor) at 6:15, Sidney Crosby (Dal) for Roughing (Double Minor) at 11:18, Torey Krug (Bos) for Holding Stick (Minor) at 15:53, Boris Valabik (Dal) for Cross-checking (Minor) at 19:33
3rd period
5. Stars , Sidney Crosby 30 (Jake Guentzel 42, Andrej Sustr 24) at 10:20 (PP)
6. Stars , Jake Guentzel 32 (Sidney Crosby 66, Michael Grabner 42) at 10:51
7. Bruins , Jonathan Toews 28 (Zack Kassian 48, Jason Demers 32) at 18:40
Penalties :
Torey Krug (Bos) for Interference (Minor) at 10:07
Goalie Stats
Kevin Poulin (Bos), 25 saves from 28 shots - (0.893), W, 41-21-7, 60:00 minutes
Matt Murray (Dal), 32 saves from 36 shots - (0.889), L, 28-23-6, 59:19 minutes
Players Stats for Bruins
Player Name G A P +/- PIM S H SB GA TA FO MP PP MP PK MP
------------------------------------------------------------------------------------
Adam Pelech 0 0 0 1 0 0 1 0 0 0 0/0 12:49 0:23 1:10
Alexander Wennberg 1 0 1 0 0 3 0 0 0 0 5/7 17:11 4:02 1:13
Andreas Athanasiou 0 0 0 0 0 0 0 0 0 0 0/0 7:49 0:35 0:00
Brendan Smith 0 1 1 1 0 0 1 1 0 1 0/0 20:05 4:09 1:50
Casey Cizikas 0 0 0 0 0 1 1 0 0 0 2/5 11:50 1:02 0:09
Craig Smith 0 0 0 0 0 5 0 0 0 1 0/1 15:35 4:02 0:00
Eric Wellwood 0 1 1 0 0 1 1 0 0 1 0/0 16:42 4:02 1:07
Jason Demers 0 2 2 0 0 3 0 2 1 0 0/0 28:16 5:24 2:21
Jonathan Toews 1 1 2 2 2 6 2 1 1 0 18/31 21:51 4:56 0:29
Josh Manson 0 0 0 1 0 0 2 1 1 0 0/0 12:23 0:23 0:15
Madison Bowey 0 0 0 1 0 0 0 0 1 0 0/0 19:21 4:09 1:35
Mark Stone 0 0 0 0 0 2 0 0 0 1 0/0 11:25 0:46 0:00
Radek Faksa 0 0 0 0 0 2 0 0 0 0 0/4 8:10 0:00 0:56
Taylor Beck 0 0 0 0 0 0 0 0 1 0 0/0 11:08 0:29 0:00
Torey Krug 0 1 1 0 4 1 4 2 0 0 0/0 27:27 5:24 1:11
Wojtek Wolski 0 0 0 2 0 3 1 0 3 0 1/2 23:10 4:56 2:10
Zack Kassian 2 1 3 2 0 8 1 2 2 0 8/10 23:20 4:58 2:18
Zemgus Girgensons 0 0 0 0 0 1 2 0 0 0 0/1 7:14 0:00 0:00
Players Stats for Stars
Player Name G A P +/- PIM S H SB GA TA FO MP PP MP PK MP
------------------------------------------------------------------------------------
Adam Tambellini 0 0 0 -1 0 1 0 0 0 0 1/1 10:19 0:00 1:58
Alex Chiasson 1 0 1 1 0 7 0 0 0 0 0/2 17:50 1:48 2:02
Andrej Sustr 0 1 1 1 4 3 4 1 1 3 0/0 26:43 2:09 3:19
Ben Chiarot 0 0 0 -1 0 1 2 2 0 1 0/0 19:36 2:02 4:47
Boris Valabik 0 1 1 1 2 0 0 0 0 2 0/0 27:27 2:09 4:20
Brian Lee 0 0 0 -2 0 0 0 0 0 1 0/0 14:34 0:00 3:04
Cam Atkinson 0 0 0 0 0 4 0 0 0 0 0/0 10:21 0:06 0:00
Evgeny Grachev 0 1 1 1 0 1 0 0 1 0 4/12 17:51 1:48 3:27
Evgeny Kuznetsov 0 0 0 0 0 0 1 1 0 0 5/9 11:22 0:00 1:05
Guillaume Latendresse 0 0 0 1 0 0 2 1 0 1 1/1 17:22 1:48 2:58
Henrik Borgstrom 0 0 0 -1 0 2 0 0 0 0 3/5 6:10 0:00 0:06
Jake Guentzel 1 1 2 -2 0 2 1 2 1 1 1/1 22:25 2:23 4:53
Michael Grabner 0 1 1 -2 0 0 1 0 0 0 1/3 17:21 2:17 0:00
Paul Ladue 0 0 0 -1 0 0 1 1 0 1 0/0 21:36 2:02 3:52
Scott Kosmachuck 0 0 0 -1 0 3 0 0 0 0 0/1 6:04 0:00 0:00
Sidney Crosby 1 1 2 -2 4 3 2 0 1 0 11/26 21:03 2:14 3:16
Tobias Rieder 0 0 0 0 0 1 1 0 0 0 0/0 11:37 0:09 0:07
Tyler Wotherspoon 0 0 0 -2 0 0 1 0 0 0 0/0 10:19 0:00 0:30
3 Stars
1 - Zack Kassian (Bos)
2 - Jonathan Toews (Bos)
3 - Jason Demers (Bos)
Power Play
Bruins - 0 on 5 Attempt(s) - 0.00%
Stars - 1 on 3 Attempt(s) - 33.33%
Penalty Kill
Bruins - 2 on 3 Attempt(s) - 66.67%
- Score 0 goal in Penalty Kill
Stars - 5 on 5 Attempt(s) - 100.00%
- Score 0 goal in Penalty Kill
Team Stat
Bruins - Hits : 16 - Faceoff Wins : 34 - Blocked Shots : 9 - Penalty Minutes : 6
Stars - Hits : 16 - Faceoff Wins : 27 - Blocked Shots : 8 - Penalty Minutes : 10
Official
Referees : Marc Joannette and Francois St. Laurent
Linesman : Julien Fournier and Steve Barton
Game Notes
Ben Chiarot is injured at 12:00 of 3rd period (Strained Left Knee)
Finance
Level 1 -- Attendance: 6000 (100.00%) -- Ticket Income $600,000
Level 2 -- Attendance: 4460 (89.20%) -- Ticket Income $267,600
Level 3 -- Attendance: 1927 (96.35%) -- Ticket Income $67,445
Level 4 -- Attendance: 3590 (89.75%) -- Ticket Income $89,750
Luxury Box -- Attendance: 936 (93.60%) -- Ticket Income $187,200
Game was played at the American Airlines Center.
Total Attendance: 16913 (93.96%)
Total Ticket Income: $1,211,995
Other Income: $181,799
Total Income: $1,393,794
Bruins
5 vs 5 Forward
Center Left Wing Right Wing Time % Phy DF OF
1 Jonathan Toews Wojtek Wolski Zack Kassian 40 1 2 2
2 Alexander Wennberg Eric Wellwood Craig Smith 30 1 2 2
3 Casey Cizikas Taylor Beck Mark Stone 20 1 2 2
4 Radek Faksa Zemgus Girgensons Andreas Athanasiou 10 1 2 2
5 vs 5 Defense
Defense Defense Time % Phy DF OF
1 Jason Demers Torey Krug 40 1 2 2
2 Brendan Smith Madison Bowey 30 1 2 2
3 Josh Manson Adam Pelech 20 1 2 2
4 Jason Demers Torey Krug 10 1 2 2
PowerPlay Forward
Center Left Wing Right Wing Time % Phy DF OF
1 Jonathan Toews Wojtek Wolski Zack Kassian 60 1 2 2
2 Alexander Wennberg Eric Wellwood Craig Smith 40 1 2 2
PowerPlay Defense
Defense Defense Time % Phy DF OF
1 Jason Demers Torey Krug 60 1 2 2
2 Brendan Smith Madison Bowey 40 1 2 2
Penalty Kill 4 Players Forward
Center Wing Time % Phy DF OF
1 Zack Kassian Wojtek Wolski 60 1 2 2
2 Jonathan Toews Alexander Wennberg 40 1 2 2
Penalty Kill 4 Players Defense
Defense Defense Time % Phy DF OF
1 Jason Demers Torey Krug 60 1 2 2
2 Brendan Smith Madison Bowey 40 1 2 2
Penalty Kill - 3 Players Forward
Forward Time % Phy DF OF
1 Zack Kassian 60 1 2 2
2 Wojtek Wolski 40 1 2 2
Penalty Kill - 3 Players Defense
Defense Defense Time % Phy DF OF
1 Jason Demers Torey Krug 60 1 2 2
2 Brendan Smith Madison Bowey 40 1 2 2
4 vs 4 Forward
Center Wing Time % Phy DF OF
1 Zack Kassian Wojtek Wolski 60 1 2 2
2 Jonathan Toews Alexander Wennberg 40 1 2 2
4 vs 4 Defense
Defense Defense Time % Phy DF OF
1 Jason Demers Torey Krug 60 1 2 2
2 Brendan Smith Madison Bowey 40 1 2 2
Last Minutes Offensive
Center Left Wing Right Wing Defense Defense
Jonathan Toews Wojtek Wolski Zack Kassian Jason Demers Torey Krug
Last Minutes Defensive
Center Left Wing Right Wing Defense Defense
Jonathan Toews Wojtek Wolski Zack Kassian Jason Demers Torey Krug
Goaltenders
Starting : Kevin Poulin
Backup : Tuukka Rask
Extra Forwards
Normal : Casey Cizikas, Mark Stone, Radek Faksa - PP : Casey Cizikas, Mark Stone - PK : Radek Faksa
Extra Defensemen
Normal : Josh Manson, Adam Pelech, Brendan Smith - PP : Josh Manson - PK : Adam Pelech, Brendan Smith
Penalty Shots
Zack Kassian, Wojtek Wolski, Jonathan Toews, Alexander Wennberg, Craig Smith
Custom OT Lines Forwards
Zack Kassian, Wojtek Wolski, Jonathan Toews, Alexander Wennberg, Craig Smith, Casey Cizikas, Eric Wellwood, Mark Stone, Radek Faksa, Andreas Athanasiou
Custom OT Lines Defensemen
Jason Demers, Torey Krug, Brendan Smith, Madison Bowey, Josh Manson
Scratches
Gabriel Landeskog (Torn Left Knee Ligaments Injury)
Stars
5 vs 5 Forward
Center Left Wing Right Wing Time % Phy DF OF
1 Sidney Crosby Jake Guentzel Michael Grabner 40 1 2 2
2 Evgeny Grachev Guillaume Latendresse Alex Chiasson 30 1 2 2
3 Evgeny Kuznetsov Tobias Rieder Cam Atkinson 20 1 2 2
4 Henrik Borgstrom Adam Tambellini Scott Kosmachuck 10 1 2 2
5 vs 5 Defense
Defense Defense Time % Phy DF OF
1 Andrej Sustr Boris Valabik 40 1 2 2
2 Paul Ladue Ben Chiarot 30 1 2 2
3 Brian Lee Tyler Wotherspoon 20 1 2 2
4 Andrej Sustr Boris Valabik 10 1 2 2
PowerPlay Forward
Center Left Wing Right Wing Time % Phy DF OF
1 Sidney Crosby Jake Guentzel Michael Grabner 60 0 2 3
2 Evgeny Grachev Guillaume Latendresse Alex Chiasson 40 0 2 3
PowerPlay Defense
Defense Defense Time % Phy DF OF
1 Andrej Sustr Boris Valabik 60 1 2 2
2 Paul Ladue Ben Chiarot 40 1 2 2
Penalty Kill 4 Players Forward
Center Wing Time % Phy DF OF
1 Sidney Crosby Jake Guentzel 60 1 2 2
2 Evgeny Grachev Guillaume Latendresse 40 1 2 2
Penalty Kill 4 Players Defense
Defense Defense Time % Phy DF OF
1 Andrej Sustr Boris Valabik 60 0 3 2
2 Paul Ladue Ben Chiarot 40 0 3 2
Penalty Kill - 3 Players Forward
Forward Time % Phy DF OF
1 Sidney Crosby 60 1 2 2
2 Evgeny Grachev 40 1 2 2
Penalty Kill - 3 Players Defense
Defense Defense Time % Phy DF OF
1 Andrej Sustr Boris Valabik 60 0 3 2
2 Paul Ladue Ben Chiarot 40 0 3 2
4 vs 4 Forward
Center Wing Time % Phy DF OF
1 Sidney Crosby Jake Guentzel 60 0 2 3
2 Evgeny Grachev Guillaume Latendresse 40 0 2 3
4 vs 4 Defense
Defense Defense Time % Phy DF OF
1 Andrej Sustr Boris Valabik 60 1 2 2
2 Paul Ladue Ben Chiarot 40 1 2 2
Last Minutes Offensive
Center Left Wing Right Wing Defense Defense
Sidney Crosby Jake Guentzel Michael Grabner Andrej Sustr Boris Valabik
Last Minutes Defensive
Center Left Wing Right Wing Defense Defense
Sidney Crosby Jake Guentzel Michael Grabner Andrej Sustr Boris Valabik
Goaltenders
Starting : Matt Murray
Backup : Jhonas Enroth
Extra Forwards
Normal : Alex Chiasson, Tobias Rieder, Evgeny Grachev - PP : Alex Chiasson, Tobias Rieder - PK : Alex Chiasson
Extra Defensemen
Normal : Ben Chiarot, Brian Lee, Tyler Wotherspoon - PP : Ben Chiarot - PK : Ben Chiarot, Brian Lee
Penalty Shots
Sidney Crosby, Michael Grabner, Jake Guentzel, Guillaume Latendresse, Alex Chiasson
Custom OT Lines Forwards
Sidney Crosby, Michael Grabner, Jake Guentzel, Guillaume Latendresse, Alex Chiasson, Tobias Rieder, Evgeny Grachev, Cam Atkinson, Scott Kosmachuck, Evgeny Kuznetsov
Custom OT Lines Defensemen
Andrej Sustr, Boris Valabik, Paul Ladue, Ben Chiarot, Brian Lee
Scratches
Andrew Ladd (Sprained Right Ankle Injury), Anton Cederholm (Healthy)
% Time on Ice - Bruins
Lines # - Real PCT - Wanted PCT - Time Play
Normal Forward
1 - 34% - 40% - 15:06
2 - 27% - 30% - 11:56
3 - 24% - 20% - 10:39
4 - 16% - 10% - 7:14
Normal Defense
1 - 42% - 40% - 18:53
2 - 30% - 30% - 13:37
3 - 24% - 20% - 10:55
4 - 3% - 10% - 1:30
PP Forward
1 - 58% - 60% - 5:43
2 - 42% - 40% - 4:13
PP Defense
1 - 58% - 60% - 5:47
2 - 42% - 40% - 4:09
PK Forward
1 - 78% - 60% - 3:17
2 - 22% - 40% - 0:54
PK Defense
1 - 62% - 60% - 2:36
2 - 38% - 40% - 1:35
PK3 Forward
1 - 0% - 60%
2 - 0% - 40%
PK3 Defense
1 - 0% - 60%
2 - 0% - 40%
44 Forward
1 - 0% - 60%
2 - 0% - 40%
44 Defense
1 - 0% - 60%
2 - 0% - 40%
Last Minute Offensive - 0:00
Last Minute Defensive - 0:58
Total
Forward - 60:00
Defense - 60:00
|
% Time on Ice - Stars
Lines # - Real PCT - Wanted PCT - Time Play
Normal Forward
1 - 37% - 40% - 16:31
2 - 28% - 30% - 12:36
3 - 22% - 20% - 9:47
4 - 13% - 10% - 6:04
Normal Defense
1 - 43% - 40% - 19:17
2 - 34% - 30% - 15:22
3 - 20% - 20% - 8:53
4 - 3% - 10% - 1:26
PP Forward
1 - 57% - 60% - 2:23
2 - 43% - 40% - 1:48
PP Defense
1 - 51% - 60% - 2:09
2 - 49% - 40% - 2:02
PK Forward
1 - 80% - 60% - 7:54
2 - 20% - 40% - 2:02
PK Defense
1 - 73% - 60% - 7:14
2 - 27% - 40% - 2:42
PK3 Forward
1 - 0% - 60%
2 - 0% - 40%
PK3 Defense
1 - 0% - 60%
2 - 0% - 40%
44 Forward
1 - 0% - 60%
2 - 0% - 40%
44 Defense
1 - 0% - 60%
2 - 0% - 40%
Last Minute Offensive - 0:55
Last Minute Defensive - 0:00
Total
Forward - 60:00
Defense - 60:00
|
Play-by-Play
1st period
0:01 of 1st period - Sidney Crosby wins face-off versus Jonathan Toews in neutral zone.
0:19 of 1st period - Andrej Sustr is hit by Zack Kassian and loses puck.
1:06 of 1st period - Slapshot by Taylor Beck.
1:06 of 1st period - Shot Misses the Net.
1:26 of 1st period - Snap shot by Andreas Athanasiou.
1:26 of 1st period - Deflect By Radek Faksa.
1:26 of 1st period - Stopped by Matt Murray without a rebound.
1:27 of 1st period - Jonathan Toews wins face-off versus Sidney Crosby in Stars zone.
1:28 of 1st period - Wrist shot by Zack Kassian.
1:28 of 1st period - Goal by Zack Kassian - Bruins : 1 - Stars : 0.
1:29 of 1st period - Sidney Crosby wins face-off versus Jonathan Toews in neutral zone.
3:02 of 1st period - Torey Krug is hit by Andrej Sustr and loses puck.
3:47 of 1st period - Off-side.
3:48 of 1st period - Henrik Borgstrom wins face-off versus Casey Cizikas in neutral zone.
3:51 of 1st period - Josh Manson is hit by Andrej Sustr and loses puck.
3:56 of 1st period - Wrist shot by Henrik Borgstrom.
3:56 of 1st period - Shot Misses the Net.
3:58 of 1st period - Slapshot by Andrej Sustr.
3:58 of 1st period - Stopped by Kevin Poulin with a rebound.
4:00 of 1st period - Slapshot by Boris Valabik.
4:00 of 1st period - Shot Misses the Net.
4:02 of 1st period - Wrist shot by Scott Kosmachuck.
4:02 of 1st period - Stopped by Kevin Poulin with a rebound.
4:23 of 1st period - Snap shot by Jake Guentzel.
4:23 of 1st period - Shot Misses the Net.
5:01 of 1st period - Wrist shot by Evgeny Kuznetsov.
5:01 of 1st period - Deflect By Cam Atkinson.
5:01 of 1st period - Stopped by Kevin Poulin with a rebound.
5:03 of 1st period - Wrist shot by Cam Atkinson.
5:03 of 1st period - Stopped by Kevin Poulin without a rebound.
5:04 of 1st period - Sidney Crosby wins face-off versus Radek Faksa in Bruins zone.
5:27 of 1st period - Ben Chiarot is hit by Torey Krug and loses puck.
5:44 of 1st period - Wrist shot by Zemgus Girgensons.
5:44 of 1st period - Shot Blocked by Jake Guentzel.
5:46 of 1st period - Snap shot by Zemgus Girgensons.
5:46 of 1st period - Stopped by Matt Murray without a rebound.
5:47 of 1st period - Jonathan Toews wins face-off versus Evgeny Grachev in Stars zone.
6:38 of 1st period - Wrist shot by Craig Smith.
6:38 of 1st period - Shot Misses the Net.
6:40 of 1st period - Snap shot by Alexander Wennberg.
6:40 of 1st period - Shot Misses the Net.
6:42 of 1st period - Wrist shot by Craig Smith.
6:42 of 1st period - Stopped by Matt Murray with a rebound.
6:48 of 1st period - Wrist shot by Craig Smith.
6:48 of 1st period - Stopped by Matt Murray without a rebound.
6:49 of 1st period - Sidney Crosby wins face-off versus Wojtek Wolski in Stars zone.
7:11 of 1st period - Minor Penalty to Andrej Sustr for Tripping.
7:12 of 1st period - Jonathan Toews wins face-off versus Sidney Crosby in Stars zone.
7:17 of 1st period - Wrist shot by Zack Kassian.
7:17 of 1st period - Stopped by Matt Murray without a rebound.
7:18 of 1st period - Sidney Crosby wins face-off versus Jonathan Toews in Stars zone.
7:31 of 1st period - Snap shot by Jonathan Toews.
7:31 of 1st period - Stopped by Matt Murray with a rebound.
7:35 of 1st period - Wrist shot by Zack Kassian.
7:35 of 1st period - Shot Misses the Net.
9:11 of 1st period - Penalty to Andrej Sustr is over, Andrej Sustr is back on ice.
9:45 of 1st period - Snap shot by Adam Tambellini.
9:45 of 1st period - Shot Misses the Net.
9:47 of 1st period - Slapshot by Andrej Sustr.
9:47 of 1st period - Stopped by Kevin Poulin without a rebound.
9:48 of 1st period - Evgeny Grachev wins face-off versus Radek Faksa in Bruins zone.
9:49 of 1st period - Wrist shot by Alex Chiasson.
9:49 of 1st period - Stopped by Kevin Poulin with a rebound.
10:14 of 1st period - Brendan Smith is hit by Jake Guentzel and loses puck.
10:39 of 1st period - Slapshot by Henrik Borgstrom.
10:39 of 1st period - Stopped by Kevin Poulin without a rebound.
10:40 of 1st period - Jonathan Toews wins face-off versus Henrik Borgstrom in Bruins zone.
10:45 of 1st period - Slapshot by Torey Krug.
10:45 of 1st period - Stopped by Matt Murray without a rebound.
10:46 of 1st period - Sidney Crosby wins face-off versus Jonathan Toews in Stars zone.
10:48 of 1st period - Minor Penalty to Andrej Sustr for Hooking.
10:49 of 1st period - Sidney Crosby wins face-off versus Jonathan Toews in Stars zone.
11:21 of 1st period - Slapshot by Evgeny Grachev.
11:21 of 1st period - Shot Misses the Net.
12:48 of 1st period - Penalty to Andrej Sustr is over, Andrej Sustr is back on ice.
13:23 of 1st period - Wrist shot by Radek Faksa.
13:23 of 1st period - Stopped by Matt Murray with a rebound.
14:06 of 1st period - Snap shot by Alex Chiasson.
14:06 of 1st period - Stopped by Kevin Poulin with a rebound.
14:08 of 1st period - Wrist shot by Andrej Sustr.
14:08 of 1st period - Stopped by Kevin Poulin with a rebound.
14:10 of 1st period - Slapshot by Boris Valabik.
14:10 of 1st period - Shot Blocked by Zack Kassian.
14:12 of 1st period - Slapshot by Andrej Sustr.
14:12 of 1st period - Shot Blocked by Zack Kassian.
14:14 of 1st period - Snap shot by Alex Chiasson.
14:14 of 1st period - Shot Misses the Net.
14:25 of 1st period - Slapshot by Tobias Rieder.
14:25 of 1st period - Shot Blocked by Josh Manson.
14:29 of 1st period - Snap shot by Tobias Rieder.
14:29 of 1st period - Deflect By Alex Chiasson.
14:29 of 1st period - Stopped by Kevin Poulin with a rebound.
14:31 of 1st period - Snap shot by Alex Chiasson.
14:31 of 1st period - Stopped by Kevin Poulin without a rebound.
14:32 of 1st period - Sidney Crosby wins face-off versus Alexander Wennberg in Bruins zone.
14:49 of 1st period - Slapshot by Alexander Wennberg.
14:49 of 1st period - Goal by Alexander Wennberg - Bruins : 2 - Stars : 0.
14:50 of 1st period - Jonathan Toews wins face-off versus Sidney Crosby in neutral zone.
15:21 of 1st period - Paul Ladue is hit by Jonathan Toews and loses puck.
15:42 of 1st period - Snap shot by Zack Kassian.
15:42 of 1st period - Stopped by Matt Murray with a rebound.
15:44 of 1st period - Wrist shot by Wojtek Wolski.
15:44 of 1st period - Stopped by Matt Murray with a rebound.
15:46 of 1st period - Slapshot by Jason Demers.
15:46 of 1st period - Shot Misses the Net.
15:50 of 1st period - Wrist shot by Wojtek Wolski.
15:50 of 1st period - Stopped by Matt Murray with a rebound.
15:52 of 1st period - Slapshot by Zack Kassian.
15:52 of 1st period - Stopped by Matt Murray with a rebound.
15:54 of 1st period - Slapshot by Jason Demers.
15:54 of 1st period - Stopped by Matt Murray without a rebound.
15:55 of 1st period - Sidney Crosby wins face-off versus Craig Smith in Stars zone.
17:46 of 1st period - Wrist shot by Adam Tambellini.
17:46 of 1st period - Stopped by Kevin Poulin without a rebound.
17:47 of 1st period - Henrik Borgstrom wins face-off versus Radek Faksa in Bruins zone.
18:18 of 1st period - Slapshot by Andrej Sustr.
18:18 of 1st period - Shot Blocked by Jason Demers.
18:58 of 1st period - Icing by Boris Valabik.
18:59 of 1st period - Evgeny Grachev wins face-off versus Casey Cizikas in Stars zone.
19:10 of 1st period - Mark Stone is hit by Andrej Sustr.
Goals for this period are 2 for Bruins vs 0 for Stars.
Shots for this period are 15 for Bruins vs 12 for Stars.
2nd period
0:01 of 2nd period - Wojtek Wolski wins face-off versus Evgeny Grachev in neutral zone.
0:57 of 2nd period - Slapshot by Jason Demers.
0:57 of 2nd period - Deflect By Tobias Rieder.
0:57 of 2nd period - Stopped by Matt Murray with a rebound.
0:59 of 2nd period - Snap shot by Jason Demers.
0:59 of 2nd period - Deflect By Eric Wellwood.
0:59 of 2nd period - Stopped by Matt Murray without a rebound.
1:00 of 2nd period - Evgeny Kuznetsov wins face-off versus Alexander Wennberg in Stars zone.
1:05 of 2nd period - Eric Wellwood is hit by Ben Chiarot and loses puck.
1:28 of 2nd period - Snap shot by Mark Stone.
1:28 of 2nd period - Stopped by Matt Murray with a rebound.
1:30 of 2nd period - Snap shot by Mark Stone.
1:30 of 2nd period - Shot Misses the Net.
1:32 of 2nd period - Slapshot by Mark Stone.
1:32 of 2nd period - Stopped by Matt Murray without a rebound.
1:33 of 2nd period - Alexander Wennberg wins face-off versus Evgeny Grachev in Stars zone.
1:43 of 2nd period - Icing by Boris Valabik.
1:44 of 2nd period - Jonathan Toews wins face-off versus Evgeny Grachev in Stars zone.
1:47 of 2nd period - Snap shot by Wojtek Wolski.
1:47 of 2nd period - Shot Blocked by Guillaume Latendresse.
1:49 of 2nd period - Snap shot by Jonathan Toews.
1:49 of 2nd period - Stopped by Matt Murray with a rebound.
1:51 of 2nd period - Snap shot by Wojtek Wolski.
1:51 of 2nd period - Stopped by Matt Murray without a rebound.
1:52 of 2nd period - Zack Kassian wins face-off versus Evgeny Grachev in Stars zone.
1:59 of 2nd period - Slapshot by Zack Kassian.
1:59 of 2nd period - Shot Misses the Net.
2:01 of 2nd period - Slapshot by Jason Demers.
2:01 of 2nd period - Shot Misses the Net.
2:03 of 2nd period - Snap shot by Zack Kassian.
2:03 of 2nd period - Stopped by Matt Murray without a rebound.
2:04 of 2nd period - Guillaume Latendresse wins face-off versus Jonathan Toews in Stars zone.
2:09 of 2nd period - Jason Demers is hit by Guillaume Latendresse and loses puck.
2:30 of 2nd period - Torey Krug is hit by Michael Grabner and loses puck.
2:41 of 2nd period - Snap shot by Jake Guentzel.
2:41 of 2nd period - Shot Misses the Net.
3:12 of 2nd period - Icing by Andrej Sustr.
3:13 of 2nd period - Evgeny Kuznetsov wins face-off versus Jonathan Toews in Stars zone.
3:39 of 2nd period - Jake Guentzel is hit by Torey Krug and loses puck.
3:46 of 2nd period - Slapshot by Paul Ladue.
3:46 of 2nd period - Shot Blocked by Torey Krug.
3:48 of 2nd period - Slapshot by Ben Chiarot.
3:48 of 2nd period - Deflect By Jason Demers.
3:48 of 2nd period - Stopped by Kevin Poulin with a rebound.
3:50 of 2nd period - Slapshot by Paul Ladue.
3:50 of 2nd period - Shot Blocked by Torey Krug.
4:10 of 2nd period - Wrist shot by Casey Cizikas.
4:10 of 2nd period - Stopped by Matt Murray without a rebound.
4:11 of 2nd period - Jonathan Toews wins face-off versus Sidney Crosby in Stars zone.
4:26 of 2nd period - Michael Grabner is hit by Jonathan Toews and loses puck.
4:37 of 2nd period - Brendan Smith is hit by Tyler Wotherspoon and loses puck.
4:47 of 2nd period - Off-side.
4:48 of 2nd period - Zack Kassian wins face-off versus Evgeny Kuznetsov in neutral zone.
5:14 of 2nd period - Josh Manson is hit by Sidney Crosby and loses puck.
5:43 of 2nd period - Jason Demers is hit by Guillaume Latendresse and loses puck.
5:56 of 2nd period - Andrej Sustr is hit by Zemgus Girgensons and loses puck.
6:06 of 2nd period - Icing by Andrej Sustr.
6:07 of 2nd period - Adam Tambellini wins face-off versus Jonathan Toews in Stars zone.
6:15 of 2nd period - Minor Penalty to Jonathan Toews for Cross-checking.
6:16 of 2nd period - Zack Kassian wins face-off versus Sidney Crosby in Bruins zone.
6:20 of 2nd period - Jake Guentzel is hit by Torey Krug and loses puck.
6:31 of 2nd period - Jason Demers is hit by Sidney Crosby and loses puck.
6:42 of 2nd period - Jason Demers is hit by Andrej Sustr and loses puck.
8:15 of 2nd period - Penalty to Jonathan Toews is over, Jonathan Toews is back on ice.
8:28 of 2nd period - Andrej Sustr is hit by Adam Pelech and loses puck.
8:36 of 2nd period - Icing by Scott Kosmachuck.
8:37 of 2nd period - Henrik Borgstrom wins face-off versus Zemgus Girgensons in Stars zone.
8:44 of 2nd period - Wrist shot by Henrik Borgstrom.
8:44 of 2nd period - Stopped by Kevin Poulin without a rebound.
8:45 of 2nd period - Evgeny Grachev wins face-off versus Radek Faksa in Bruins zone.
9:58 of 2nd period - Wrist shot by Taylor Beck.
9:58 of 2nd period - Shot Misses the Net.
10:12 of 2nd period - Casey Cizikas is hit by Ben Chiarot and loses puck.
10:21 of 2nd period - Snap shot by Sidney Crosby.
10:21 of 2nd period - Stopped by Kevin Poulin without a rebound.
10:22 of 2nd period - Evgeny Grachev wins face-off versus Zack Kassian in Bruins zone.
10:31 of 2nd period - Snap shot by Evgeny Grachev.
10:31 of 2nd period - Deflect By Alex Chiasson.
10:31 of 2nd period - Stopped by Kevin Poulin without a rebound.
10:32 of 2nd period - Jonathan Toews wins face-off versus Evgeny Grachev in Bruins zone.
11:03 of 2nd period - Snap shot by Alex Chiasson.
11:03 of 2nd period - Goal by Alex Chiasson - Bruins : 2 - Stars : 1.
11:04 of 2nd period - Jonathan Toews wins face-off versus Sidney Crosby in neutral zone.
11:07 of 2nd period - Slapshot by Jason Demers.
11:07 of 2nd period - Shot Blocked by Jake Guentzel.
11:09 of 2nd period - Snap shot by Torey Krug.
11:09 of 2nd period - Shot Misses the Net.
11:11 of 2nd period - Slapshot by Zack Kassian.
11:11 of 2nd period - Goal by Zack Kassian - Bruins : 3 - Stars : 1.
11:12 of 2nd period - Jonathan Toews wins face-off versus Sidney Crosby in neutral zone.
11:18 of 2nd period - Double Minor Penalty to Sidney Crosby for Roughing.
11:19 of 2nd period - Jonathan Toews wins face-off versus Alex Chiasson in Stars zone.
11:26 of 2nd period - Snap shot by Wojtek Wolski.
11:26 of 2nd period - Shot Misses the Net.
11:28 of 2nd period - Snap shot by Zack Kassian.
11:28 of 2nd period - Shot Misses the Net.
13:30 of 2nd period - Ben Chiarot is hit by Casey Cizikas and loses puck.
15:18 of 2nd period - Penalty to Sidney Crosby is over, Sidney Crosby is back on ice.
15:23 of 2nd period - Evgeny Kuznetsov is hit by Zemgus Girgensons.
15:53 of 2nd period - Minor Penalty to Torey Krug for Holding Stick.
15:54 of 2nd period - Zack Kassian wins face-off versus Sidney Crosby in Bruins zone.
17:53 of 2nd period - Penalty to Torey Krug is over, Torey Krug is back on ice.
17:58 of 2nd period - Alexander Wennberg is hit by Evgeny Kuznetsov and loses puck.
18:09 of 2nd period - Wrist shot by Cam Atkinson.
18:09 of 2nd period - Shot Blocked by Brendan Smith.
18:11 of 2nd period - Snap shot by Evgeny Kuznetsov.
18:11 of 2nd period - Shot Misses the Net.
18:21 of 2nd period - Snap shot by Scott Kosmachuck.
18:21 of 2nd period - Stopped by Kevin Poulin without a rebound.
18:22 of 2nd period - Casey Cizikas wins face-off versus Scott Kosmachuck in Bruins zone.
18:27 of 2nd period - Slapshot by Jason Demers.
18:27 of 2nd period - Shot Misses the Net.
18:29 of 2nd period - Slapshot by Jason Demers.
18:29 of 2nd period - Stopped by Matt Murray without a rebound.
18:30 of 2nd period - Jonathan Toews wins face-off versus Michael Grabner in Stars zone.
19:06 of 2nd period - Icing by Evgeny Grachev.
19:07 of 2nd period - Jonathan Toews wins face-off versus Alex Chiasson in Stars zone.
19:33 of 2nd period - Minor Penalty to Boris Valabik for Cross-checking.
19:34 of 2nd period - Jonathan Toews wins face-off versus Sidney Crosby in Stars zone.
Goals for this period are 1 for Bruins vs 1 for Stars.
Shots for this period are 10 for Bruins vs 6 for Stars.
3rd period
0:01 of 3rd period - Jonathan Toews wins face-off versus Sidney Crosby in neutral zone.
1:33 of 3rd period - Penalty to Boris Valabik is over, Boris Valabik is back on ice.
3:06 of 3rd period - Snap shot by Scott Kosmachuck.
3:06 of 3rd period - Stopped by Kevin Poulin with a rebound.
3:14 of 3rd period - Adam Tambellini is hit by Eric Wellwood and loses puck.
3:19 of 3rd period - Snap shot by Alexander Wennberg.
3:19 of 3rd period - Stopped by Matt Murray without a rebound.
3:20 of 3rd period - Alexander Wennberg wins face-off versus Sidney Crosby in Stars zone.
4:33 of 3rd period - Snap shot by Scott Kosmachuck.
4:33 of 3rd period - Shot Blocked by Jason Demers.
4:53 of 3rd period - Snap shot by Craig Smith.
4:53 of 3rd period - Stopped by Matt Murray with a rebound.
5:54 of 3rd period - Michael Grabner is hit by Josh Manson and loses puck.
6:32 of 3rd period - Evgeny Grachev is hit by Wojtek Wolski and loses puck.
7:04 of 3rd period - Snap shot by Tobias Rieder.
7:04 of 3rd period - Shot Misses the Net.
7:10 of 3rd period - Brian Lee is hit by Josh Manson and loses puck.
7:33 of 3rd period - Snap shot by Sidney Crosby.
7:33 of 3rd period - Shot Misses the Net.
7:35 of 3rd period - Wrist shot by Sidney Crosby.
7:35 of 3rd period - Stopped by Kevin Poulin with a rebound.
8:19 of 3rd period - Wrist shot by Craig Smith.
8:19 of 3rd period - Stopped by Matt Murray without a rebound.
8:20 of 3rd period - Michael Grabner wins face-off versus Jonathan Toews in Stars zone.
8:33 of 3rd period - Wrist shot by Michael Grabner.
8:33 of 3rd period - Shot Misses the Net.
8:35 of 3rd period - Slapshot by Andrej Sustr.
8:35 of 3rd period - Shot Misses the Net.
9:13 of 3rd period - Josh Manson is hit by Tobias Rieder and loses puck.
9:20 of 3rd period - Snap shot by Radek Faksa.
9:20 of 3rd period - Shot Misses the Net.
10:04 of 3rd period - Snap shot by Jake Guentzel.
10:04 of 3rd period - Deflect By Michael Grabner.
10:04 of 3rd period - Shot Misses the Net.
10:04 of 3rd period - Puck is out of play.
10:05 of 3rd period - Alexander Wennberg wins face-off versus Evgeny Grachev in Bruins zone.
10:07 of 3rd period - Minor Penalty to Torey Krug for Interference.
10:08 of 3rd period - Zack Kassian wins face-off versus Sidney Crosby in Bruins zone.
10:18 of 3rd period - Wrist shot by Jake Guentzel.
10:18 of 3rd period - Shot Misses the Net.
10:20 of 3rd period - Slapshot by Sidney Crosby.
10:20 of 3rd period - Goal by Sidney Crosby - Bruins : 3 - Stars : 2.
10:21 of 3rd period - Sidney Crosby wins face-off versus Jonathan Toews in neutral zone.
10:23 of 3rd period - Off-side.
10:24 of 3rd period - Sidney Crosby wins face-off versus Zack Kassian in neutral zone.
10:27 of 3rd period - Slapshot by Andrej Sustr.
10:27 of 3rd period - Deflect By Sidney Crosby.
10:27 of 3rd period - Shot Misses the Net.
10:27 of 3rd period - Puck is out of play.
10:28 of 3rd period - Jonathan Toews wins face-off versus Michael Grabner in Bruins zone.
10:51 of 3rd period - Wrist shot by Jake Guentzel.
10:51 of 3rd period - Goal by Jake Guentzel - Bruins : 3 - Stars : 3.
10:52 of 3rd period - Jonathan Toews wins face-off versus Sidney Crosby in neutral zone.
11:05 of 3rd period - Wrist shot by Zack Kassian.
11:05 of 3rd period - Shot Misses the Net.
11:23 of 3rd period - Wrist shot by Cam Atkinson.
11:23 of 3rd period - Shot Misses the Net.
11:26 of 3rd period - Icing by Torey Krug.
11:27 of 3rd period - Evgeny Kuznetsov wins face-off versus Jonathan Toews in Bruins zone.
11:44 of 3rd period - Wrist shot by Cam Atkinson.
11:44 of 3rd period - Stopped by Kevin Poulin with a rebound.
11:56 of 3rd period - Snap shot by Jonathan Toews.
11:56 of 3rd period - Stopped by Matt Murray with a rebound.
11:58 of 3rd period - Slapshot by Jason Demers.
11:58 of 3rd period - Shot Blocked by Ben Chiarot.
12:00 of 3rd period - Wrist shot by Wojtek Wolski.
12:00 of 3rd period - Shot Blocked by Ben Chiarot.
12:00 of 3rd period - Ben Chiarot from Stars is injured at 12:00 of 3rd period (Strained Left Knee).
12:01 of 3rd period - Zack Kassian wins face-off versus Sidney Crosby in Stars zone.
12:12 of 3rd period - Snap shot by Wojtek Wolski.
12:12 of 3rd period - Shot Misses the Net.
12:14 of 3rd period - Snap shot by Zack Kassian.
12:14 of 3rd period - Stopped by Matt Murray without a rebound.
12:15 of 3rd period - Jake Guentzel wins face-off versus Jonathan Toews in Stars zone.
12:24 of 3rd period - Snap shot by Sidney Crosby.
12:24 of 3rd period - Shot Misses the Net.
13:06 of 3rd period - Jake Guentzel is hit by Torey Krug and loses puck.
13:31 of 3rd period - Snap shot by Alexander Wennberg.
13:31 of 3rd period - Stopped by Matt Murray without a rebound.
13:32 of 3rd period - Alexander Wennberg wins face-off versus Evgeny Grachev in Stars zone.
14:35 of 3rd period - Snap shot by Craig Smith.
14:35 of 3rd period - Stopped by Matt Murray with a rebound.
14:37 of 3rd period - Slapshot by Torey Krug.
14:37 of 3rd period - Shot Blocked by Paul Ladue.
14:53 of 3rd period - Wrist shot by Alex Chiasson.
14:53 of 3rd period - Stopped by Kevin Poulin without a rebound.
14:54 of 3rd period - Evgeny Kuznetsov wins face-off versus Jonathan Toews in Bruins zone.
14:57 of 3rd period - Snap shot by Tobias Rieder.
14:57 of 3rd period - Deflect By Evgeny Kuznetsov.
14:57 of 3rd period - Shot Blocked by Jonathan Toews.
14:57 of 3rd period - Puck is out of play.
14:58 of 3rd period - Zack Kassian wins face-off versus Evgeny Kuznetsov in Bruins zone.
15:07 of 3rd period - Snap shot by Jonathan Toews.
15:07 of 3rd period - Shot Misses the Net.
15:09 of 3rd period - Snap shot by Jonathan Toews.
15:09 of 3rd period - Stopped by Matt Murray with a rebound.
15:15 of 3rd period - Snap shot by Jonathan Toews.
15:15 of 3rd period - Stopped by Matt Murray with a rebound.
16:07 of 3rd period - Slapshot by Zack Kassian.
16:07 of 3rd period - Stopped by Matt Murray with a rebound.
16:42 of 3rd period - Icing by Madison Bowey.
16:43 of 3rd period - Alexander Wennberg wins face-off versus Evgeny Kuznetsov in Bruins zone.
16:43 of 3rd period - Alexander Wennberg is hit by Paul Ladue.
16:49 of 3rd period - Paul Ladue is hit by Brendan Smith and loses puck.
18:12 of 3rd period - Slapshot by Evgeny Grachev.
18:12 of 3rd period - Stopped by Kevin Poulin without a rebound.
18:13 of 3rd period - Evgeny Kuznetsov wins face-off versus Casey Cizikas in Bruins zone.
18:26 of 3rd period - Snap shot by Cam Atkinson.
18:26 of 3rd period - Stopped by Kevin Poulin with a rebound.
18:28 of 3rd period - Slapshot by Andrej Sustr.
18:28 of 3rd period - Shot Misses the Net.
18:30 of 3rd period - Wrist shot by Tobias Rieder.
18:30 of 3rd period - Stopped by Kevin Poulin without a rebound.
18:31 of 3rd period - Zack Kassian wins face-off versus Henrik Borgstrom in Bruins zone.
18:40 of 3rd period - Snap shot by Jonathan Toews.
18:40 of 3rd period - Goal by Jonathan Toews - Bruins : 4 - Stars : 3.
18:41 of 3rd period - Casey Cizikas wins face-off versus Evgeny Kuznetsov in neutral zone.
18:46 of 3rd period - Slapshot by Mark Stone.
18:46 of 3rd period - Shot Blocked by Andrej Sustr.
18:48 of 3rd period - Snap shot by Casey Cizikas.
18:48 of 3rd period - Shot Blocked by Evgeny Kuznetsov.
19:19 of 3rd period - Stars, Matt Murray is pulled from the net.
19:55 of 3rd period - Slapshot by Michael Grabner.
19:55 of 3rd period - Deflect By Jake Guentzel.
19:55 of 3rd period - Stopped by Kevin Poulin without a rebound.
19:56 of 3rd period - Barry Trotz call a timeout for Stars.
19:56 of 3rd period - Jonathan Toews wins face-off versus Sidney Crosby in Bruins zone.
Goals for this period are 1 for Bruins vs 2 for Stars.
Shots for this period are 11 for Bruins vs 10 for Stars.